 Dungeon Crawl Stone Soup version 0.31-a0-851-g7ff8af7976 (webtiles) character file.

Game seed: 678087445726346273

807 lunkers the Grappler (level 8, -3/88 HPs)
             Began as a Meteoran Shapeshifter on Oct 6, 2023.
             Slain by an ice beast (7 damage)
             ... on level 5 of the Dungeon.
             The game lasted 00:05:55 (1917 turns).

lunkers the Grappler (Meteoran Shapeshifter)        Turns: 1917, Time: 00:05:56

Health: -3/88      AC: 24    Str: 16    XL:     8   Next: 37%
Magic:  18/18      EV:  2    Int: 12    God:
Gold:   154        SH:  0    Dex: 15    Spells: 7/7 levels left

rFire   . .          .
                       - Unarmed
rCold   . . .        (no shield)
rNeg    + . .        n - melded +0 ring mail
rPois   +            (helmet currently unavailable)
rElec   .            (cloak currently unavailable)
rCorr   .            h - melded +1 pair of gloves
SInv    .            e - melded +0 pair of boots
Will    +....        (no amulet)
Stlth   +            q - ring of magical power
HPRegen 0.34/turn    t - ring of positive energy
MPRegen 0.16/turn

%: no passive effects
@: lethally poisoned (-3 -> -4), tree-form, slowed, glowing, studying Unarmed
Combat, very slow
A: stationary, stasis, torment immunity, boosted hp, sense surroundings 1,
otherworldly, glowing, explore regen
a: no special abilities


You were on level 5 of the Dungeon.
You were a tree.
You visited 1 branch of the dungeon, and saw 5 of its levels.

You collected 154 gold pieces.

Inventory:

Missiles
 x - 5 curare-tipped darts
Armour
 a - a +0 animal skin
 e - a +0 pair of boots (melded)
 h - a +1 pair of gloves (melded)
 n - a +0 ring mail (melded)
Jewellery
 q - a ring of magical power (left branch)
 t - a ring of positive energy (right branch)
Talismans
 c - a beast talisman
 d - a flux talisman
Wands
 r - a wand of iceblast (12)
 v - a wand of flame (65)
 w - a wand of polymorph (9)
Scrolls
 g - a scroll of enchant armour
 j - a scroll of teleportation
 k - a scroll of fear {unknown}
 m - a scroll of blinking
Potions
 f - a potion of attraction
 i - a potion of curing
 l - a potion of enlightenment {unknown}
 o - a potion of brilliance
 p - a potion of haste {unknown}
 u - a potion of degeneration {unknown}
 z - a potion of ambrosia {unknown}


   Skills:
 - Level 1.1 Fighting
 - Level 2.1 Dodging
 * Level 9.5 Unarmed Combat
 + Level 6.5 Shapeshifting


You had 7 spell levels left.
You didn't know any spells.
Your spell library contained the following spells:

 Spells                   Type           Power      Damage    Failure   Level
 Slow                     Hex            0%         N/A       32%         1
 Blink                    Tloc           0%         N/A       45%         2
 Confusing Touch          Hex            0%         N/A       69%         3
 Sigil of Binding         Hex            0%         N/A       69%         3
 Vampiric Draining        Necr           0%         2d6       69%         3
 Leda's Liquefaction      Hex/Erth       0%         N/A       97%         4
 Manifold Assault         Tloc           0%         N/A       97%         4
 Lee's Rapid Deconstruct  Erth           0%         3d4*      100%        5
 Bombard                  Conj/Erth      0%         9d1       100%        6


Dungeon Overview and Level Annotations

Branches:
Dungeon (5/15) Zot: 1105
 Temple: D:4-7

Altars:
Fedhas
Gozag
Nemelex Xobeh
Sif Muna
Trog

Shops:
D:4 :


Innate Abilities, Weirdness & Mutations

You are a tree.
Your roots penetrate the ground, keeping you stationary.
You cannot be teleported.
You are immune to unholy pain and torment.
Your maximum health is greatly increased.
Your equipment is partially melded.
You passively map a small area around you.
You are easily found by Zot.
You glow in the dark.
You regain HP and MP as you explore.


Message History

* * * LOW HITPOINT WARNING * * *
The ice beast hits you but does no damage.
The wraith hits you!
* * * LOW HITPOINT WARNING * * *
The wraith drains your vigour!
You feel as though you will be slow longer.
The adder barely misses you.
The ice beast hits you but does no damage.
The wraith hits you!
* * * LOW HITPOINT WARNING * * *
You feel sick.
The ice beast stops glowing.
The adder bites you but does no damage.
You feel sick.
You are no longer poisoned.
The adder attacks as it pursues you! The adder bites you but does no damage.
The adder barely misses you.
The wraith stops glowing.
The ice beast closely misses you.
The ice beast attacks as it pursues you!
The ice beast hits you but does no damage.
The adder bites you.
* * * LOW HITPOINT WARNING * * *
You are poisoned.
The adder poisons you!
* * * LOW HITPOINT WARNING * * *
You feel sick. The adder bites you but does no damage.
Your transformation has ended.
You turn into a tree.
Your +1 pair of gloves melds into your body.
Your +0 pair of boots melds into your body.
Your +0 ring mail melds into your body.
Your roots penetrate the ground.
You feel sick. The adder barely misses you.
The adder bites you but does no damage.
You smack the adder!
You kill the adder!
You feel sick.
The ice beast hits you but does no damage.
You barely miss the ice beast.
You feel sick. The ice beast hits you.
* * * LOW HITPOINT WARNING * * *
The ice beast freezes you!
You die...

, , #####...# .#.....# ....#
#...# ,,, ....8.........#
#...# , #.....#......# #...# ,
, 8...8#......# #...# # *
###.###......# ###..)# ,
...,,#............# #.....#
.....#..#..###..#** #.....#
..........WY♣...#####.#####
*,*.....#..#####.........#..8#
...,,#..# #............_# #
#.!# #.........#..8# , , ,
...# #...#####.##### ...[#
##### ### ######


You could see a wraith and an ice beast.

Vanquished Creatures
  Grinder (D:4)
  An ogre (D:4)
  A black bear (D:4)
  2 scorpions
  A hound (D:5)
  An iguana (D:4)
  3 orc wizards
  Robin (D:4)
  8 adders
  A white imp (D:5)
  A worm (D:2)
  2 dart slugs
  12 orcs
  5 ball pythons
  6 endoplasms
  2 giant cockroaches
  13 goblins
  9 hobgoblins
  5 kobolds
  4 quokkas
  3 bats
  7 frilled lizards
  2 rats
91 creatures vanquished.

Notes
Turn   | Place    | Note
-------+----------+-------------------------------------------
     0 | D:1      | lunkers the Meteoran Shapeshifter began the quest for the
                  | Orb.
     0 | D:1      | Reached XP level 1. HP: 16/16 MP: 2/2
    72 | D:1      | Reached skill level 4 in Unarmed Combat
    72 | D:1      | Reached XP level 2. HP: 19/23 MP: 3/3
   176 | D:1      | Reached XP level 3. HP: 28/28 MP: 4/4
   503 | D:1      | Glimpsed the power of Zot.
   641 | D:2      | Reached XP level 4. HP: 25/35 MP: 5/5
   701 | D:2      | Reached skill level 5 in Unarmed Combat
   996 | D:3      | Reached XP level 5. HP: 26/40 MP: 6/6
  1077 | D:3      | Found a blossoming altar of Fedhas.
  1151 | D:3      | Found a shimmering blue altar of Sif Muna.
  1308 | D:4      | Reached skill level 6 in Unarmed Combat
  1337 | D:4      | Found Mootee's Tremendous Tomes.
  1381 | D:4      | Noticed Grinder
  1389 | D:4      | Noticed Robin
  1402 | D:4      | Killed Grinder
  1403 | D:4      | Reached skill level 7 in Unarmed Combat
  1403 | D:4      | Reached skill level 5 in Shapeshifting
  1403 | D:4      | Reached XP level 6. HP: 35/47 MP: 7/7
  1403 | D:4      | Reached XP level 7. HP: 40/52 MP: 8/8
  1406 | D:4      | Killed Robin
  1468 | D:4      | Reached skill level 8 in Unarmed Combat
  1515 | D:3      | Found a sparkling altar of Nemelex Xobeh.
  1647 | D:4      | Reached XP level 8. HP: 28/59 MP: 9/9
  1686 | D:4      | Identified a scroll of acquirement
  1686 | D:4      | Acquired a manual of Unarmed Combat
  1757 | D:4      | Found a bloodstained altar of Trog.
  1842 | D:5      | Entered Level 5 of the Dungeon
  1853 | D:5      | Reached skill level 9 in Unarmed Combat
  1865 | D:5      | Found an opulent altar of Gozag.
  1893 | D:5      | Noticed a wraith
  1917 | D:5      | HP: 4/88 [ice beast (1)]
  1917 | D:5      | Slain by an ice beast

Illustrated notes

Levels and vault maps discovered:
D:1:      dpeg_arrival_orchard, layout_basic
D:2:      layout_basic, ebering_dispersal_statue_hall
D:3:      layout_loops_ring, kennysheep_orc_sif_temple,
          mainiacjoe_overflow_cross_hatched, mainiacjoe_overflow_tiny_flanked,
          uniq_terence, uniq_sigmund
D:4:      cheibrodos_barr_body, layout_basic, kennysheep_vampire_church,
          trog_butcher_becter, nicolae_shop_i_like_big_books, uniq_robin,
          uniq_grinder
D:5:      layout_basic, grunt_gozag_breadcrumbs, serial_shops, shop_coins,
          st_stairs_12, minmay_chambers_of_fives

Skill      XL: |  1  2  3  4  5  6  7  8 |
---------------+-------------------------+-----
Unarmed Combat | 4 5 7 8 9 |  9.5
Shapeshifting  | 4 5 6 |  6.5
Fighting       | |  1.1
Dodging        | |  2.1

Action                     |  1- 3 |  4- 6 |  7- 9 || total
---------------------------+-------+-------+-------++-------
  Melee: Unarmed           |    65 |   101 |   117 ||   283
         Punch             |       |     1 |     1 ||     2
    Use: Potion            |       |     1 |     1 ||     2
         Scroll            |       |       |    10 ||    10
 Armour: Animal skin       |    37 |    23 |       ||    60
         Ring mail         |       |    28 |    71 ||    99
         Skin              |       |    58 |   142 ||   200
  Dodge: Dodged            |    27 |    47 |    72 ||   146
   Form: Flux              |     1 |       |       ||     1

Table legend: (Time is in decaauts)
 A = Elapsed time spent in this place.
 B = Non-inter-level travel time spent in this place.
 C = Inter-level travel time spent in this place.
 D = Time resting spent in this place.
 E = Time spent auto-exploring this place.
 F = Levels seen in this place.
 G = Mean time per level.
                   A        B        C        D        E       F      G
               +--------+--------+--------+--------+--------+-----+--------+
         Total |   1893 |   1788 |    105 |     28 |   1179 |   5 |  378.6 |
       Dungeon |   1893 |   1788 |    105 |     28 |   1179 |   5 |  378.6 |
               +--------+--------+--------+--------+--------+-----+--------+

Top non-repeatable levels by time:
     D:1: 515 daAuts
     D:3: 456 daAuts
     D:4: 444 daAuts
     D:2: 400 daAuts
     D:5: 76 daAuts
